 Dungeon Crawl Stone Soup version 0.28-a0-1227-ga9037bb4c8 (webtiles) character file.

Game seed: 4175161699610557691

4235 ChaosChampion the Insei (level 10, -10/66 HPs)
             Began as an Octopode Transmuter on Dec 22, 2021.
             Was an Elder of Cheibriados.
             Mangled by a freezing wraith (11 damage)
             ... led by a death knight
             ... on level 8 of the Dungeon.
             The game lasted 00:15:02 (10478 turns).

ChaosChampion the Insei (Octopode Transmuter)      Turns: 10478, Time: 00:15:03

Health: -10/66     AC:  1    Str: 18    XL:     10   Next: 30%
Magic:  24/25      EV: 18    Int: 29    God:    Cheibriados [****..]
Gold:   431        SH:  0    Dex: 28    Spells: 7/17 levels left

rFire   . . .      SeeInvis .     - Unarmed
rCold   . . .      Faith    .   (no shield)
rNeg    . . .      Spirit   .   (helmet restricted)
rPois   .          Reflect  .   (no amulet)
rElec   .          Harm     .   h - +6 ring of dexterity
rCorr   .          Rampage  .   t - ring of magical power
Will    .....                   (no ring)
Stlth   +++.......              (no ring)
HPRegen 0.21/turn               (no ring)
MPRegen 0.19/turn               (no ring)
                                (no ring)
                                (no ring)

@: wereblooded (expiring), very slow
A: almost no armour, amphibious, 8 rings, camouflage 1, gelatinous body 1,
(nimble swimmer 1), tentacles
a: Renounce Religion, Bend Time, Temporal Distortion, Slouch


You were on level 8 of the Dungeon.
You worshipped Cheibriados.
Cheibriados was greatly pleased with you.
You visited 1 branch of the dungeon, and saw 8 of its levels.

You collected 432 gold pieces.
You spent 1 gold pieces at shops.

Inventory:

Hand Weapons
 q - a -3 triple crossbow
Missiles
 v - 5 throwing nets
Jewellery
 h - a +6 ring of dexterity (left tentacle)
 k - an amulet of regeneration
 n - an amulet of the acrobat
 t - a ring of magical power (right tentacle)
 u - an amulet of guardian spirit
Wands
 j - a wand of paralysis (3)
 r - a wand of charming (6)
 x - a wand of acid (7) (quivered)
Scrolls
 a - a scroll of immolation
 d - 2 scrolls of teleportation
 g - 3 scrolls of fog
 m - a scroll of amnesia {unknown}
 o - a scroll of blinking
 p - a scroll of torment {unknown}
 y - 2 scrolls of identify
Potions
 b - 2 potions of degeneration
 c - 2 potions of might
 e - 3 potions of flight
 f - a potion of ambrosia
 i - a potion of brilliance {unknown}
 l - a potion of curing
 s - a potion of berserk rage {unknown}


   Skills:
 + Level 5.2 Fighting
 + Level 5.6 Dodging
 + Level 6.9 Unarmed Combat
 - Level 4.0 Spellcasting
 + Level 6.2 Transmutations
 - Level 5.0 Ice Magic
 - Level 5.0 Poison Magic
 + Level 5.3 Invocations


You had 7 spell levels left.
You knew the following spells:

 Your Spells              Type           Power      Damage    Failure   Level
a - Beastly Appendage     Tmut           84%        N/A       1%          1
b - Wereblood             Tmut           42%        N/A       1%          2
c - Spider Form           Tmut/Pois      38%        N/A       1%          3
d - Ice Form              Ice/Tmut       38%        N/A       7%          4

Your spell library contained the following spells:

 Spells                   Type           Power      Damage    Failure   Level
 Animate Skeleton         Necr           10%        N/A       7%          1
 Apportation              Tloc           10%        N/A       7%          1
 Pain                     Necr           20%        1d5       7%          1
 Summon Small Mammal      Summ           20%        N/A       7%          1
 Petrify                  Tmut/Erth      23%        N/A       19%         4
 Call Canine Familiar     Summ           5%         N/A       21%         3
 Summon Guardian Golem    Hex/Summ       5%         N/A       21%         3
 Metabolic Englaciation   Hex/Ice        10%        N/A       56%         5
 Agony                    Necr           5%         N/A       88%         5
 Excruciating Wounds      Necr           2%         N/A       88%         5
 Statue Form              Tmut/Erth      15%        N/A       96%         6


Dungeon Overview and Level Annotations

Branches:
Dungeon (8/15)             Temple (0/1) D:6
   Lair: D:8-11

Altars:
Cheibriados
Dithmenos
Elyvilon
Hepliaklqana
Kikubaaqudgha
Okawaru
Qazlal
Vehumet
Wu Jian
The Shining One

Shops:
D:1 [   D:5 *   D:8 :

Annotations:
D:8 2 transporters


Innate Abilities, Weirdness & Mutations

You cannot wear most types of armour.
You are amphibious.
You can wear up to eight rings at the same time.
Your skin changes colour to match your surroundings (Stealth+).
Your rubbery body absorbs attacks. (AC +1, EV +1)
((You are camouflaged when in or above water. (Stealth+)))
You have tentacles for arms and can constrict up to eight enemies at once.


Message History

No target in view!
No target in view!
No target in view!
A freezing wraith comes into view.
A freezing wraith is nearby!
A freezing wraith is nearby!
You howl as the wereblood boils in your veins!
You feel yourself speed up.
A death knight comes into view. It is wielding a +0 battleaxe.
You punch the freezing wraith!
The freezing wraith is moderately damaged.
You howl as the wereblood boils in your veins!
The freezing wraith completely misses you. x2
The freezing wraith hits you but does no damage.
The freezing wraith misses you.
There is an open door here.
You howl as the wereblood boils in your veins!
Your transformation is almost over.
The death knight hits you with a +0 battleaxe.
As you read the scroll of teleportation, it crumbles to dust.
You feel strangely unstable.
The death knight hits you with a +0 battleaxe!
Your primal bloodlust is almost over.
The freezing wraith closely misses you. x2
You howl as the wereblood boils in your veins!
The death knight hits you with a +0 battleaxe!
Your surroundings seem slightly different.
The freezing wraith hits you but does no damage.
The freezing wraith barely misses you.
The death knight offers itself to Yredelemnul, and fills with unholy energy.
The freezing wraith hits you. The freezing wraith freezes you. You resist.
The freezing wraith barely misses you. The death knight misses you.
You warm up again.
The death knight invokes the aid of Yredelemnul against you.
Your body is wracked with pain!
* * * LOW HITPOINT WARNING * * *
The freezing wraith hits you!
* * * LOW HITPOINT WARNING * * *
The freezing wraith freezes you!
You die...

#..# #.....#....#...!...#
#..# #.....#.####..#©#..#
####..#
#.....#.####.......
......# #.....#....#...○..
#####.# #.....####.#
###### ####.###.....# #.#
#.©..#
#.....####.#.####p###....#
#.....# .....##....###.###
#.....######...@W......#
#........#.............#
#......#.#.+########'..#
####.#.#.#.#......(.#..#
#.#.#...#.+####p.#..#
.####.#.##..# ..#.#.##
......#<###.# ##.#.#.#
#....##.# # #.#.#
#..>....# #.#.#


You could see a death knight (reflects damage) and a freezing wraith.

Vanquished Creatures
  Harold (D:8)
  Maggie (D:8)
  A troll (D:5)
  A wyvern (D:8)
  2 wraiths (D:8)
  A sky beast (D:6)
  An orc warrior (D:6)
  2 ice beasts
  2 centaurs
  2 ogres
  3 phantoms
  2 kobold brigands (D:7)
  3 bullfrogs
  A gnoll sergeant (D:5)
  A scorpion (D:4)
  A water moccasin skeleton (D:6)
  3 wights
  7 howler monkeys
  3 centaur zombies
  2 bullfrog skeletons
  2 gnoll shamans (D:6)
  4 hounds
  2 orc priests
  2 iguanas (D:6)
  Terence (D:3)
  3 orc wizards
  2 killer bee zombies (D:7)
  A howler monkey zombie (D:6)
  9 gnolls (D:6)
  A howler monkey skeleton (D:7)
  12 adders
  A shadow imp (D:6)
  A white imp (D:6)
  2 ufetubi
  An adder skeleton (D:4)
  2 worms
  A dart slug (D:4)
  6 orcs
  7 ball pythons
  5 endoplasms
  5 giant cockroaches
  17 goblins
  6 hobgoblins
  9 kobolds
  4 quokkas
  3 bats
  A frilled lizard (D:1)
  8 rats
158 creatures vanquished.

Vanquished Creatures (others)
  An orc wizard (D:6)
  9 plants (D:3)
10 creatures vanquished.

Grand Total: 168 creatures vanquished

Notes
Turn   | Place    | Note
-------+----------+-------------------------------------------
     0 | D:1      | ChaosChampion the Octopode Transmuter began the quest for
                  | the Orb.
     0 | D:1      | Reached XP level 1. HP: 13/13 MP: 3/3
    10 | D:1      | Found Wenkex's Armour Shoppe.
   238 | D:1      | Reached XP level 2. HP: 17/18 MP: 5/5
   258 | D:1      | Learned a level 2 spell: Wereblood
  1126 | D:2      | Reached XP level 3. HP: 22/23 MP: 3/6
  1175 | D:2      | Learned a level 3 spell: Spider Form
  1394 | D:2      | Reached skill level 1 in Poison Magic
  1656 | D:2      | Found a snail-covered altar of Cheibriados.
  1811 | D:2      | Reached XP level 4. HP: 6/28 MP: 3/7
  1813 | D:2      | HP: 2/42 [poisoned by an adder]
  2092 | D:2      | Became a worshipper of Cheibriados the Contemplative
  2170 | D:3      | Found a faded altar of an unknown god.
  2596 | D:3      | Found an ancient bone altar of Kikubaaqudgha.
  2750 | D:3      | Reached XP level 5. HP: 31/33 MP: 5/8
  3006 | D:3      | Found a white marble altar of Elyvilon.
  3478 | D:3      | Noticed Terence
  3488 | D:3      | Killed Terence
  3922 | D:4      | Reached * piety under Cheibriados
  3990 | D:4      | Reached XP level 6. HP: 27/38 MP: 1/10
  4064 | D:3      | Learned a level 4 spell: Ice Form
  4195 | D:4      | Found an ornate altar of the Wu Jian Council.
  4434 | D:4      | Found a shadowy altar of Dithmenos.
  4685 | D:4      | Noticed an ice beast
  4706 | D:4      | Killed an ice beast
  4935 | D:4      | Reached skill level 1 in Ice Magic
  4935 | D:4      | Reached XP level 7. HP: 19/44 MP: 4/11
  5175 | D:5      | Entered Level 5 of the Dungeon
  5266 | D:5      | Found Pacuywam's Lightly-Used Armoury.
  5277 | D:5      | Reached skill level 1 in Invocations
  5325 | D:5      | Reached skill level 5 in Poison Magic
  5438 | D:5      | Bought a -3 triple crossbow for 1 gold piece
  5523 | D:5      | Reached ** piety under Cheibriados
  5524 | D:5      | Reached XP level 8. HP: 27/51 MP: 5/13
  5725 | D:5      | Noticed a troll
  5735 | D:5      | Killed a troll
  5736 | D:5      | Reached skill level 5 in Unarmed Combat
  6258 | D:5      | Found a faded altar of an unknown god.
  6394 | D:5      | Found a hazy altar of Hepliaklqana.
  6560 | D:6      | Found a staircase to the Ecumenical Temple.
  7301 | D:6      | Reached XP level 9. HP: 23/57 MP: 15/15
  7653 | D:6      | Found a glowing golden altar of the Shining One.
  7784 | D:6      | Reached *** piety under Cheibriados
  8036 | D:6      | Reached skill level 5 in Transmutations
  8853 | D:7      | Reached **** piety under Cheibriados
  9011 | D:7      | Found a stormy altar of Qazlal.
  9777 | D:8      | Found a radiant altar of Vehumet.
  9847 | D:8      | Noticed Maggie
  9869 | D:8      | Killed Maggie
  9870 | D:8      | Reached skill level 5 in Dodging
 10095 | D:8      | Found Taemp's Book Emporium.
 10128 | D:8      | Found an iron altar of Okawaru.
 10146 | D:8      | Found a transporter.
 10175 | D:8      | Noticed Harold
 10193 | D:8      | Killed Harold
 10194 | D:8      | Reached skill level 5 in Fighting
 10194 | D:8      | Reached skill level 5 in Invocations
 10194 | D:8      | Reached XP level 10. HP: 59/66 MP: 16/16
 10438 | D:8      | Found a transporter.
 10461 | D:8      | Reached skill level 5 in Ice Magic
 10468 | D:8      | Noticed a death knight
 10478 | D:8      | HP: 1/66 [freezing wraith[a death knight] (10)]
 10478 | D:8      | Mangled by a freezing wraith

Illustrated notes

Levels and vault maps discovered:
D:1:      psy_arrival_whirlpool, layout_basic, serial_shops, shop,
          hangedman_decor_slide_cut, grunt_decor_clamped, nrook_mini_backslash
D:2:      layout_basic, basic_altar, minmay_between
D:3:      layout_basic, kiku_gazebo_garden_becter, nicolae_elyvilon_temple_path,
          ebering_ecumenical_altar_webs, st_stairs_7, roderic_lattice_a,
          minmay_fractal_squares_5, uniq_terence
D:4:      layout_basic, grunt_dithmenos_smoke, mainiacjoe_overflow_alcove_4
D:5:      layout_rooms, beargit_hepliaklqana_dungeon_heroes, minmay_shop_damaged
D:6:      layout_gridville, lemuel_tele_altar, minmay_temple_entry_mini_moons,
          minmay_ogre_servants
D:7:      layout_gridville, grunt_qazlal_clouds
D:8:      gammafunk_cloud_chamber, layout_basic, nicolae_vehumet_altar_sigil,
          okawaru_gym_becter, lair_entry_dummy, serial_shops,
          nicolae_shop_window_shopping, grunt_ministairs_14, minivault_11,
          kennysheep_generic_room_2, uniq_harold, uniq_maggie

Skill      XL: |  1  2  3  4  5  6  7  8  9 10 |
---------------+-------------------------------+-----
Poison Magic   | 1 2 3 4 5 |  5.0
Unarmed Combat | 4 5 6 |  6.9
Transmutations | 3 4 6 |  6.2
Spellcasting   | 3 4 |  4.0
Ice Magic      | 1 2 3 4 5 |  5.0
Fighting       | 2 3 5 |  5.2
Invocations    | 1 3 5 |  5.3
Dodging        | 3 5 |  5.6

Action                   |  1- 3 |  4- 6 |  7- 9 | 10-12 || total
-------------------------+-------+-------+-------+-------++-------
Melee: Unarmed           |    72 |   118 |   301 |    19 ||   510
       Constrict         |    13 |    12 |     7 |       ||    32
       Tentacles         |     8 |     5 |     7 |       ||    20
       Punch             |     2 |       |     1 |       ||     3
       Kick              |     1 |     4 |     2 |       ||     7
 Cast: Beastly Appendage |     3 |     5 |     2 |       ||    10
       Wereblood         |     1 |    10 |    25 |     2 ||    38
       Spider Form       |     4 |    16 |    31 |     2 ||    53
       Ice Form          |       |       |     5 |     1 ||     6
Invok: Bend Time         |       |       |     1 |       ||     1
       Temporal Distorti |       |       |     1 |       ||     1
Evoke: Wand              |       |       |     7 |       ||     7
  Use: Potion            |       |     3 |     2 |       ||     5
       Scroll            |       |     1 |     9 |     1 ||    11
 Stab: Sleeping          |     8 |     8 |     1 |     1 ||    18
       Distracted        |       |       |     1 |       ||     1
Armor: Skin              |     3 |     2 |    24 |     6 ||    35
Dodge: Dodged            |    42 |    93 |   307 |    23 ||   465

Table legend: (Time is in decaauts)
 A = Elapsed time spent in this place.
 B = Non-inter-level travel time spent in this place.
 C = Inter-level travel time spent in this place.
 D = Time resting spent in this place.
 E = Time spent auto-exploring this place.
 F = Levels seen in this place.
 G = Mean time per level.
                   A        B        C        D        E       F      G
               +--------+--------+--------+--------+--------+-----+--------+
         Total |  12378 |  12070 |    308 |   1643 |   8750 |   8 | 1547.2 |
       Dungeon |  12378 |  12070 |    308 |   1643 |   8750 |   8 | 1547.2 |
               +--------+--------+--------+--------+--------+-----+--------+

Top non-repeatable levels by time:
     D:6: 2366 daAuts
     D:3: 2249 daAuts
     D:7: 1623 daAuts
     D:4: 1596 daAuts
     D:5: 1353 daAuts
     D:2: 1102 daAuts
     D:1: 1052 daAuts
     D:8: 1035 daAuts
